 Dungeon Crawl Stone Soup version 0.31-a0-949-g57150269e1 (webtiles) character file.

Game seed: 7526128521185535649

16717 Shayle the Fighter (level 12, -5/121 (127) HPs)
             Began as an Ogre Hexslinger on Oct 22, 2023.
             Was a Follower of Ashenzari.
             Slain by a spectral boulder beetle (11 damage)
             ... in a Gauntlet.
             The game lasted 01:12:17 (16589 turns).

Shayle the Fighter (Ogre Hexslinger)               Turns: 16589, Time: 01:12:17

HP:   -5/121 (127)  AC:  8    Str: 15    XL:     12   Next: 40%
MP:   15/25         EV: 10    Int: 15    God:    Ashenzari [*.....]
Gold: 576           SH:  0    Dex: 14    Spells: 10/29 levels left

rFire   . . .        x - +5 spear of the Dead {spect, Int-3 Dex+3 Stlth+}
rCold   . . .        (no shield)
rNeg    . . .        r - +1 steam dragon scales
rPois   +            (helmet restricted)
rElec   .            (no cloak)
rCorr   .            (gloves unavailable)
SInv    .            (boots unavailable)
Will    ++...        (no amulet)
Stlth   ++           d - ring "Chained Annoyance" {Will+, Fort, Self} (curse)
HPRegen 0.40/turn    l - ring of the Sibylline Sky {rPois, Comp, Bglg} (curse)
MPRegen 0.19/turn

%: no teleportation
@: slowed, lightly drained, very slow
A: large, unfitting armour, tough skin 1
a: Renounce Religion, Curse Item, Shatter the Chains


You were in a Gauntlet.
You worshipped Ashenzari.
Ashenzari was aware of your devotion.
You visited 3 branches of the dungeon, and saw 13 of its levels.
You also visited: Bailey and Gauntlet.

You collected 780 gold pieces.
You spent 204 gold pieces at shops.

Inventory:

Hand Weapons
 a - a +1 sling
 b - a +0 long sword of draining
 i - a +2 mace of protection
 s - a +0 broad axe
 v - a +4 rapier of draining
 w - a +8 dagger
 x - the +5 spear of the Dead (weapon) {spect, Int-3 Dex+3 Stlth+}
   (You found it on level 8 of the Dungeon)

   Int-3:     It affects your intelligence (-3).
   Dex+3:     It affects your dexterity (+3).
   Stlth+:    It makes you more stealthy.
Missiles
 j - a throwing net
 z - a curare-tipped dart
 B - 3 datura-tipped darts
 C - 4 atropa-tipped darts
Armour
 c - a +0 robe
 r - +1 steam dragon scales (worn)
Jewellery
 d - the cursed ring "Chained Annoyance" (left hand) {Will+, Fort, Self}
   (You found it on level 1 of the Dungeon)

   [ring of willpower]

   Will+:     It increases your willpower.
   It has a curse which improves the following skills: Fortitude: Armour and
   Shields.
   Introspection: Fighting and Spellcasting.
 l - the cursed ring of the Sibylline Sky (right hand) {rPois, Comp, Bglg}
   (You found it on level 5 of the Dungeon)

   [ring of poison resistance]

   rPois:     It protects you from poison It has a curse which improves the
   following skills: Companions: Summonings and Necromancy.
   Beguiling: Conjurations, Hexes and Translocations.
Talismans
 q - a serpent talisman
Wands
 m - a wand of flame (2)
 y - a wand of iceblast (3)
Scrolls
 e - a scroll of vulnerability
 f - 2 scrolls of teleportation
 k - 3 scrolls of immolation
 D - a scroll of fear
Potions
 g - 3 potions of cancellation
 h - a potion of brilliance
 n - 2 potions of mutation
 o - a potion of enlightenment
 p - a potion of might
 t - a potion of attraction
 u - a potion of invisibility
 A - a potion of ambrosia


   Skills:
 + Level 9.7(10.5) Fighting
 - Level 2.5 Ranged Weapons
 + Level 5.6(6.4) Armour
 - Level 2.8 Dodging
 + Level 8.2(9.1) Spellcasting
 + Level 6.2(7.0) Conjurations
 - Level 6.0(6.7) Hexes
 + Level 6.1(6.9) Summonings
 + Level 6.2(7.0) Necromancy
 + Level 6.1(6.9) Translocations
 - Level 2.5 Fire Magic


You had 10 spell levels left.
You knew the following spells:

 Your Spells              Type           Power      Damage    Failure   Level
a - Jinxbite              Hex            54%        N/A       1%          2
b - Summon Guardian Gole  Hex/Summ       27%        N/A       1%          3
c - Inner Flame           Hex/Fire       20%        N/A       4%          3
d - Cause Fear            Hex            13%        N/A       7%          4
e - Summon Ice Beast      Ice/Summ       17%        N/A       26%         4
f - Hailstorm             Conj/Ice       17%        3d6       8%          3

Your spell library contained the following spells:

 Spells                   Type           Power      Damage    Failure   Level
 Summon Small Mammal      Summ           100%       N/A       1%          1
 Lesser Beckoning         Tloc           54%        N/A       1%          2
 Call Canine Familiar     Summ           27%        N/A       1%          3
 Gell's Gravitas          Tloc           27%        N/A       1%          3
 Sigil of Binding         Hex            27%        N/A       1%          3
 Teleport Other           Tloc           27%        N/A       1%          3
 Dimensional Bullseye     Hex/Tloc       13%        N/A       6%          4
 Dispersal                Tloc           13%        N/A       67%         6
 Simulacrum               Ice/Necr       8%         N/A       98%         6


Dungeon Overview and Level Annotations

Branches:
Dungeon (10/15)            Temple (1/1) D:6            Lair (2/5) D:9
 Bailey (visited)         Gauntlet (1/1)
  Swamp: Lair:2-3    Shoals: Lair:2-3     Snake: Lair:2-3    Spider: Lair:2-3
    Orc: D:9-12

Altars:
Ashenzari
Cheibriados
Dithmenos
Elyvilon
Fedhas
Gozag
Hepliaklqana
Makhleb
Okawaru
Qazlal
Ru
Sif Muna
Trog
Uskayaw
Wu Jian
Xom
Yredelemnul
Zin
The Shining One

Shops:
D:2 =*=::   D:5 [?[*(

Annotations:
D:3 1 runed translucent door, gribnar's ghost, weakling TeAE
D:4 Dowan; Duvessa
D:8 exclusion: ice statue Gauntlet 10 transporters, 7 runed translucent doors


Innate Abilities, Weirdness & Mutations

You are too large for most types of armour.
You have tough skin. (AC +1)


Message History

Your guardian golem seems to slow down.
The spectral boulder beetle bites you but does no damage.
Your guardian golem overheats!
Your ice beast hits the spectral boulder beetle but does no damage.
The death scarab barely misses you. The spectral boulder beetle bites you!
You feel drained.
Unknown command.
The death scarab attacks as it pursues you!
The death scarab bites you!! The death scarab drains your vigour!
You feel as though you will be slow longer.
The death scarab draws strength from your injuries!
The death scarab bites you!!
* * * LOW HITPOINT WARNING * * *
The death scarab draws strength from your injuries!
The death scarab bites you!!
* * * LOW HITPOINT WARNING * * *
The death scarab draws strength from your injuries!
The spectral boulder beetle bites your guardian golem but does no damage.
Your ice beast completely misses the spectral boulder beetle.
Unknown command.
Okay, then.
Okay, then.
Okay, then.
Okay, then.
Okay, then.
Casting: Cause Fear (dangerous; 7% risk of failure)
Press: ? - help, Q - select action, (/) - cycle Dir - look around, f - activate Look: a death scarab (ally target, not susceptible)
The spectral boulder beetle is unaffected.
The death scarab is unaffected.
The death scarab closely misses you.
The death scarab bites your guardian golem!!
Your guardian golem disappears in a puff of smoke!
Your guardian golem explodes!
The fiery explosion engulfs the death scarab!!!
The death scarab is destroyed!
The fiery explosion engulfs the spectral boulder beetle!!
The spectral boulder beetle is engulfed in blazing flames. x2
The spectral boulder beetle bites you!
You die...

..#?##.## ..P.P.#.###t....#..
..##..#..####...♣...#.#########..
..#©##©##.#©#.......#.#.........≈
♣.##..#..##.#########.#.♣P.P♣..##
..#.##.##.#.#..8#8..#.#.P.P...≈#
..#t..^..t#.#...8...#.#..P♣..≈≈#
..#########.#!.8.8.8#.#.....####
♣.........#©#©8^©^8##©#.♣..≈#
P.#########.#Y§8@8.8###...≈≈#
..###..G###.#§§Z8...#....####
P.###?..###.#.§8#8..#...≈#
♣.##[+##.u#.#########..≈≈#
..#©!#©#.u#©#.........####
..##.##+..###.♣.♣.♣..≈#
P.###...###....PP...≈≈#
♣.###...###.♣......####
P.#########.PPP...≈#


You could see 2 ugly things, an apocalypse crab, a spectral boulder beetle (ally
target) and a friendly ice beast (summoned, sheltered, slow).

Vanquished Creatures
  2 black mambas (Lair:1)
  A cane toad (Lair:1)
  A komodo dragon (Lair:1)
  A torpor snail (Lair:1)
  Maggie (D:10)
  7 blink frogs
  4 yaks
  A wraith (D:6)
  A basilisk (Lair:1)
  A fire bat (Gauntlet)
  2 wargs (D:9)
  Menkaure (D:7)
  2 water moccasins
  4 orc warriors
  A sky beast (D:6)
  An ice beast (D:5)
  4 black bears
  An ogre (D:6)
  A wolf (Lair:1)
  4 centaurs
  2 lemures
  7 kobold brigands
  6 bullfrogs
  2 scorpions (D:5)
  A gnoll sergeant (D:9)
  6 killer bees (D:8)
  6 howler monkeys
  2 hounds (D:5)
  A jelly (D:6)
  4 orc priests
  An iguana (D:5)
  10 orc wizards
  Natasha (thrice) (D:2)
  A mummy (D:6)
  5 gnolls
  6 adders
  2 shadow imps (D:7)
  2 white imps (D:7)
  4 ufetubi (D:7)
  A worm (D:3)
  2 dart slugs
  36 orcs
  2 endoplasms
  A giant cockroach (D:1)
  5 goblins
  6 hobgoblins
  12 kobolds
  3 quokkas
  3 ball pythons
  3 bats
  5 frilled lizards
  A rat (D:2)
192 creatures vanquished.

Vanquished Creatures (collateral kills)
  2 hydras (Lair:2)
  A black mamba (Lair:2)
  A bullfrog (Lair:2)
4 creatures vanquished.

Vanquished Creatures (others)
  A hydra (Lair:1)
  A death yak (Lair:1)
  A death scarab (Gauntlet)
  Pikel (D:9)
  4 oklob plants (Lair:1)
  3 cane toads (Lair:1)
  A polar bear (D:9)
  7 blink frogs (Lair:1)
  3 yaks (Lair:1)
  A water moccasin (Lair:1)
  2 orc warriors (D:10)
  3 wolves (Lair:1)
  2 lemures (D:9)
  3 bullfrogs (Lair:1)
  An orc wizard (D:8)
  A gnoll (D:10)
35 creatures vanquished.

Grand Total: 231 creatures vanquished

Notes
Turn   | Place    | Note
-------+----------+-------------------------------------------
     0 | D:1      | Shayle the Ogre Hexslinger began the quest for the Orb.
     0 | D:1      | Reached XP level 1. HP: 19/19 MP: 2/2
   160 | D:1      | Reached skill level 1 in Fire Magic
   460 | D:1      | Reached XP level 2. HP: 22/27 MP: 4/4
   540 | D:1      | Learned a level 2 spell: Jinxbite
   676 | D:2      | Found Urohaug's Book Boutique.
   692 | D:2      | Reached XP level 3. HP: 35/35 MP: 5/5
   703 | D:2      | Found a broken altar of Ashenzari.
   744 | D:2      | Found Zaed's Jewellery Shop.
   836 | D:2      | Found Ojoihest's General Store.
   840 | D:2      | Bought a potion of curing for 30 gold pieces
   840 | D:2      | Bought a scroll of teleportation for 30 gold pieces
   957 | D:2      | Found Rezau's Jewellery Shop.
  1507 | D:2      | Noticed Natasha
  1513 | D:2      | Killed Natasha
  1514 | D:2      | Reached skill level 2 in Fighting
  1514 | D:2      | Reached XP level 4. HP: 32/42 MP: 7/7
  1807 | D:2      | Found Loyruph's Book Emporium.
  1926 | D:2      | Noticed Natasha
  1943 | D:2      | Killed Natasha
  2057 | D:2      | Became a worshipper of Ashenzari the Shackled
  2082 | D:2      | Noticed Natasha
  2085 | D:2      | Killed Natasha
  2086 | D:2      | Reached XP level 5. HP: 46/50 MP: 5/8
  2261 | D:3      | Found a sacrificial altar of Ru.
  2714 | D:3      | Found a runed translucent door.
  2715 | D:3      | Noticed gribnar's ghost (weakling TeAE)
  2791 | D:3      | Reached XP level 6. HP: 17/59 MP: 6/10
  2948 | D:3      | Found a basalt altar of Yredelemnul.
  3153 | D:4      | Found a stormy altar of Qazlal.
  3431 | D:4      | Noticed Duvessa
  3431 | D:4      | Noticed Dowan
  3444 | D:5      | Entered Level 5 of the Dungeon
  3444 | D:5      | Noticed a black bear
  3614 | D:5      | Killed a black bear
  3615 | D:5      | Reached skill level 3 in Fighting
  3615 | D:5      | Reached XP level 7. HP: 41/67 MP: 8/12
  3936 | D:5      | Found Hito's Assorted Antiques.
  3939 | D:5      | Bought 2 potions of curing for 144 gold pieces
  3956 | D:5      | Found Coozetof's Weapon Emporium.
  4004 | D:5      | Found Qebluis's Armour Boutique.
  4095 | D:5      | Reached skill level 1 in Conjurations
  4095 | D:5      | Reached skill level 1 in Summonings
  4095 | D:5      | Reached skill level 1 in Necromancy
  4095 | D:5      | Reached skill level 1 in Translocations
  4143 | D:5      | Reached * piety under Ashenzari
  4200 | D:5      | Found Qogioqaf's Armour Shop.
  4228 | D:5      | Found Ynado's Magic Scroll Boutique.
  4372 | D:6      | Learned a level 3 spell: Summon Guardian Golem
  4376 | D:6      | Learned a level 3 spell: Inner Flame
  4500 | D:6      | Reached XP level 8. HP: 58/79 MP: 11/14
  4702 | D:6      | Reached skill level 4 in Fighting
  4702 | D:6      | Reached skill level 1 in Armour
  4750 | D:6      | Noticed a wraith
  4769 | D:6      | Killed a wraith
  4867 | D:6      | Found a staircase to the Ecumenical Temple.
  4875 | Temple   | Entered the Ecumenical Temple
  4894 | D:6      | Found a snail-covered altar of Cheibriados.
  4925 | D:6      | Found a shimmering altar of Xom.
  4927 | D:6      | Found a shimmering altar of Xom.
  4927 | D:6      | Found a shimmering altar of Xom.
  4928 | D:6      | Found a shimmering altar of Xom.
  4929 | D:6      | Found a shimmering altar of Xom.
  5918 | D:7      | Noticed Menkaure
  5929 | D:7      | Killed Menkaure
  6256 | D:7      | Found a hazy altar of Hepliaklqana.
  6395 | D:7      | Found a shadowy altar of Dithmenos.
  6700 | D:8      | Reached skill level 5 in Fighting
  6700 | D:8      | Reached XP level 9. HP: 70/89 MP: 14/17
  6702 | D:8      | Identified the +5 spear of the Dead {spect, Int-3 Dex+3
                  | Stlth+}
  7094 | D:8      | Found an iron altar of Okawaru.
  7345 | D:8      | Reached skill level 5 in Hexes
  7399 | D:8      | Reached skill level 5 in Spellcasting
  7702 | D:8      | Noticed an ice statue
  8014 | D:9      | Noticed Pikel
  9627 | D:8      | Reached skill level 6 in Fighting
 10389 | D:9      | Learned a level 4 spell: Cause Fear
 10408 | D:9      | Found a shimmering blue altar of Sif Muna.
 10786 | D:9      | Reached XP level 10. HP: 76/102 MP: 17/19
 10805 | D:10     | Entered Level 10 of the Dungeon
 10809 | D:10     | Found an ornate altar of the Wu Jian Council.
 10885 | D:10     | Noticed Maggie
 11003 | D:10     | Killed Maggie
 11073 | D:10     | Found a flagged portal.
 11094 | Bailey   | Entered a bailey
 11588 | Bailey   | Found a bloodstained altar of Trog.
 11904 | D:9      | Found a staircase to the Lair.
 11919 | Lair:1   | Entered Level 1 of the Lair of Beasts
 11931 | D:9      | Reached skill level 7 in Fighting
 12556 | D:9      | Found a glowing golden altar of the Shining One.
 12588 | Lair:1   | Noticed a torpor snail
 12590 | Lair:1   | Noticed a cane toad
 12795 | D:9      | Killed Pikel
 13006 | Lair:1   | Noticed a cane toad
 13006 | Lair:1   | Noticed a death yak
 13008 | Lair:1   | Noticed a black mamba
 13011 | Lair:1   | Noticed a black mamba
 13027 | Lair:1   | Killed a black mamba
 13174 | Lair:1   | Identified the +1 pair of boots of a Billion Quests {Int+3
                  | Stlth+}
 13199 | Lair:1   | Reached XP level 11. HP: 113/113 MP: 19/22
 13345 | Lair:1   | Reached skill level 8 in Fighting
 13358 | Lair:1   | Reached skill level 5 in Conjurations
 13358 | Lair:1   | Reached skill level 5 in Translocations
 13392 | Lair:1   | Reached skill level 5 in Necromancy
 13587 | Lair:1   | Reached skill level 5 in Summonings
 14127 | Lair:1   | Reached skill level 5 in Armour
 14221 | Lair:1   | Noticed an oklob plant
 14230 | Lair:1   | Killed an oklob plant
 14231 | Lair:1   | Reached skill level 9 in Fighting
 14239 | Lair:1   | Noticed an oklob plant
 14239 | Lair:1   | Noticed an oklob plant
 14239 | Lair:1   | Noticed an oklob plant
 14752 | Lair:1   | Killed an oklob plant
 14908 | Lair:1   | Killed a death yak
 14909 | Lair:1   | Reached XP level 12. HP: 76/126 MP: 19/24
 15327 | Lair:1   | Learned a level 4 spell: Summon Ice Beast
 16007 | Lair:2   | Noticed a four-headed hydra
 16030 | Lair:1   | Killed a four-headed hydra
 16053 | Lair:2   | Noticed a five-headed hydra
 16058 | Lair:2   | Found a gate leading to a gauntlet.
 16077 | Lair:2   | Killed a five-headed hydra
 16086 | Lair:2   | Noticed a five-headed hydra
 16105 | Lair:2   | Killed a five-headed hydra
 16131 | Gauntlet | Entered a Gauntlet
 16131 | Gauntlet | Found a transporter.
 16368 | Gauntlet | Found a transporter.
 16374 | Gauntlet | Found a runed translucent gate.
 16374 | Gauntlet | Found a runed translucent gate.
 16374 | Gauntlet | Found a runed translucent gate.
 16376 | Gauntlet | Found a transporter.
 16378 | Gauntlet | Found a transporter.
 16380 | Gauntlet | Noticed a ghost crab
 16381 | Gauntlet | Noticed an entropy weaver
 16388 | Gauntlet | Identified the +1 pair of boots of the Blind Marksman
                  | {Rampage Str-3 Dex+4 Stlth+}
 16390 | Gauntlet | Found a transporter.
 16402 | Gauntlet | Found a runed translucent door.
 16404 | Gauntlet | Found a transporter.
 16406 | Gauntlet | Found a runed translucent door.
 16414 | Gauntlet | Found a transporter.
 16417 | Gauntlet | Identified the +1 hat of Ucsuocoff {Rampage Str+2}
 16423 | Gauntlet | Found a runed translucent door.
 16424 | Gauntlet | Found a transporter.
 16425 | Gauntlet | Found a runed translucent door.
 16438 | Gauntlet | Found a transporter.
 16446 | Gauntlet | Noticed a death scarab
 16447 | Gauntlet | Found a transporter.
 16449 | Gauntlet | Found a transporter.
 16471 | Gauntlet | Found a transporter.
 16562 | Gauntlet | Learned a level 3 spell: Hailstorm
 16583 | Gauntlet | Found a transporter.
 16588 | Gauntlet | HP: 5/121 [death scarab (19)]
 16589 | Gauntlet | Killed a death scarab
 16589 | Gauntlet | Slain by a spectral boulder beetle

Illustrated notes

Levels and vault maps discovered:
D:1:      scummos_arrival_gate, layout_loops_cross, moated_statue
D:2:      layout_basic, basic_altar, serial_shops, shop, nicolae_diamond_shop,
          shop, nicolae_shop_back_alley_shop, shop, uniq_natasha
D:3:      layout_basic, nicolae_ru_sacrificial_ziggurat, lemuel_crystal_altar,
          hellmonk_ghost_happy_afterlife
D:4:      layout_cave_pools, amcnicky_altar_gilded, uniq_duvessa
D:5:      layout_cave_pools, serial_shops, nicolae_shop_behind_doors,
          nicolae_shop_bloodbath_and_beyond, nicolae_shop_real_fake_doors, shop,
          nicolae_shop_peninsula
D:6:      layout_cave_pools, xom_redecorated, slow_altar_1,
          minmay_temple_entry_glassed_door
D:7:      layout_loops_corners, nicolae_hepliaklqana_hazy_memory,
          nicolae_dithmenos_the_darkroom, serial_demonic, serial_demonic_e,
          serial_demonic_g, serial_demonic_a, serial_demonic_d, uniq_menkaure
D:8:      minmay_statue_hallways, layout_loops_ring,
          nicolae_overflow_crystal_walls
D:9:      layout_basic, nicolae_tso_swordbearing_angel,
          mainiacjoe_overflow_six_doors_small, erik_lair_orcish_takeover,
          uniq_pikel
D:10:     minmay_goldmine, layout_loops_ring, nicolae_vehumet_radiance,
          mainiacjoe_overflow_concentric_impassable,
          pdpol_wu_jian_five_deadly_venoms, kennysheep_mini_moat,
          enter_bailey_5, uniq_maggie, uniq_harold, uniq_urug
Temple:   hellmonk_temple_forest_ring
Lair:1:   minmay_lair_oklob_chamber, layout_small_grid,
          lightli_volcano_entry_magma_tube, chequers_serial_rivers_micro_d
Lair:2:   layout_regular_city, gauntlet_entry_generic,
          portal_ice_cave_entry_ice_simulacra, st_stairs_3, uniq_erica
Gauntlet: minmay_gauntlet_77_tree [minmay_gauntlet_arena_77_p_blocks,
          minmay_gauntlet_arena_77_terracotta_army,
          minmay_gauntlet_arena_77_run_for_it, minmay_gauntlet_arena_77_cramped,
          minmay_gauntlet_arena_77_braids, minmay_gauntlet_arena_77_shame_cube,
          minmay_gauntlet_arena_77_chump_sandwich, gauntlet_exit_green]

Skill      XL: |  1  2  3  4  5  6  7  8  9 10 11 12 |
---------------+-------------------------------------+-----
Fire Magic     | 1 2 |  2.5
Dodging        | 2 |  2.8
Spellcasting   | 2 3 4 5 6 7 8 |  8.2
Hexes          | 3 4 5 6 |  6.0
Fighting       | 2 3 5 6 7 9 |  9.7
Ranged Weapons | 2 |  2.5
Conjurations   | 1 2 3 4 5 6 |  6.2
Summonings     | 1 2 3 4 5 6 |  6.1
Necromancy     | 1 2 3 4 5 6 |  6.2
Translocations | 1 2 3 4 5 6 |  6.1
Armour         | 2 3 4 5 |  5.6

Action                     |  1- 3 |  4- 6 |  7- 9 | 10-12 || total
---------------------------+-------+-------+-------+-------++-------
  Melee: Rapier            |       |       |   166 |    34 ||   200
         Spear             |       |       |       |   156 ||   156
         Punch             |       |       |       |     5 ||     5
   Fire: Sling             |    57 |   153 |   276 |    76 ||   562
  Throw: Dart              |       |       |       |     7 ||     7
   Cast: Jinxbite          |     2 |    16 |    44 |    18 ||    80
         Cause Fear        |       |       |     1 |    16 ||    17
         Summon Guardian G |       |       |       |    42 ||    42
         Inner Flame       |       |       |       |     5 ||     5
         Summon Ice Beast  |       |       |       |     7 ||     7
 Invoke: Curse Item        |       |     1 |     1 |       ||     2
  Evoke: Wand              |       |       |     5 |    16 ||    21
    Use: Scroll            |       |     2 |     7 |     7 ||    16
         Potion            |       |     2 |     9 |     5 ||    16
   Stab: Distracted        |       |       |       |     4 ||     4
 Armour: Robe              |    29 |   115 |   413 |    16 ||   573
         Skin              |       |       |    39 |       ||    39
         Steam dragon scal |       |       |       |   256 ||   256
  Dodge: Dodged            |    14 |    64 |   294 |   163 ||   535

Table legend: (Time is in decaauts)
 A = Elapsed time spent in this place.
 B = Non-inter-level travel time spent in this place.
 C = Inter-level travel time spent in this place.
 D = Time resting spent in this place.
 E = Time spent auto-exploring this place.
 F = Levels seen in this place.
 G = Mean time per level.
                   A        B        C        D        E       F      G
               +--------+--------+--------+--------+--------+-----+--------+
         Total |  16870 |  16588 |    282 |   6516 |   5720 |  15 | 1124.7 |
       Dungeon |  12673 |  12416 |    257 |   4435 |   5086 |  10 | 1267.3 |
        Temple |      1 |      1 |      0 |      0 |      0 |   1 |    1.0 |
          Lair |   3173 |   3148 |     25 |   1518 |    632 |   2 | 1586.5 |
        Bailey |    560 |    560 |      0 |    292 |      2 |   1 |  560.0 |
      Gauntlet |    460 |    460 |      0 |    271 |      0 |   1 |  460.0 |
               +--------+--------+--------+--------+--------+-----+--------+

Top non-repeatable levels by time:
  Lair:1: 3076 daAuts
     D:9: 2749 daAuts
     D:8: 2431 daAuts
     D:2: 1676 daAuts
     D:6: 1195 daAuts
     D:7: 1167 daAuts
     D:3: 918 daAuts
     D:5: 905 daAuts
    D:10: 701 daAuts
     D:1: 619 daAuts
  Bailey: 560 daAuts
Gauntlet: 460 daAuts
     D:4: 309 daAuts
  Lair:2: 97 daAuts
  Temple: 1 daAuts
